 Dungeon Crawl Stone Soup version 0.20.0-4-g10b340a (webtiles) character file.

110 IcyS the Chiller (level 4, -6/27 HPs)
             Began as an Octopode Ice Elementalist on May 28, 2017.
             Was a Priest of Uskayaw.
             Killed by nerve-wracking pain
             ... invoked by an orc priest
              (11 damage)
             ... on level 3 of the Dungeon.
             The game lasted 00:10:05 (2283 turns).

IcyS the Chiller (Octopode Ice Elementalist)        Turns: 2283, Time: 00:10:06

Health: -6/27      AC:  3    Str:  7    XL:     4   Next: 91%
Magic:  1/9        EV: 13    Int: 17    God:    Uskayaw [***...]
Gold:   84         SH:  0    Dex: 13    Spells: 5/9 levels left

rFire    . . .     SeeInvis .   f - +0 short sword
rCold    . . .     Gourm    .   (no shield)
rNeg     . . .     Faith    .   (helmet restricted)
rPois    .         Spirit   .   (no amulet)
rElec    .         Reflect  .   r - +2 ring of protection
rCorr    .         Harm     .   (no ring)
MR       .....                  (no ring)
Stlth    +++.......             (no ring)
Regen    0.1/turn               (no ring)
MPRegen  0.2/turn               (no ring)
                                (no ring)
                                (no ring)

@: no status effects
A: almost no armour, stealthy swim, amphibious, 8 rings, constrict 8, camouflage
1, gelatinous body 1
a: Stomp, Line Pass, Renounce Religion


You were on level 3 of the Dungeon.
You worshipped Uskayaw.
Uskayaw was noncommittal.
You were not hungry.

You visited 1 branch of the dungeon, and saw 3 of its levels.

You collected 84 gold pieces.

Inventory:

Hand Weapons
 f - a +0 short sword (weapon)
 j - a +0 spear
Jewellery
 h - an uncursed ring of fire
 r - a +2 ring of protection (left tentacle)
Scrolls
 g - 2 scrolls of remove curse {unknown}
 k - a scroll of noise {unknown}
 l - 4 scrolls of amnesia {unknown}
 m - 2 scrolls of identify {unknown}
 n - a scroll of enchant weapon {unknown}
 o - a scroll of random uselessness {unknown}
 q - a scroll of teleportation {unknown}
Potions
 c - a potion of ambrosia {unknown}
 e - a potion of magic {unknown}
 i - a potion of curing {unknown}
Books
 a - a book of Frost

   Spells                             Type                      Level
   a - Freeze                         Ice                          1
   b - Throw Frost                    Conjuration/Ice              2
   c - Ozocubu's Armour               Charms/Ice                   3
   d - Throw Icicle                   Conjuration/Ice              4
   e - Summon Ice Beast               Ice/Summoning                4
Comestibles
 b - a bread ration
 d - a meat ration


   Skills:
 - Level 2.0 Dodging
 - Level 2.6 Stealth
 + Level 3.3 Spellcasting
   Level 1.0 Conjurations
 + Level 4.4 Ice Magic


You had 5 spell levels left.
You knew the following spells:

 Your Spells              Type           Power        Failure   Level  Hunger
a - Freeze                Ice            ###.         2%          1    None
b - Ozocubu's Armour      Chrm/Ice       ##......     21%         3    ###....


Dungeon Overview and Level Annotations

Branches:
Dungeon (3/15)

Altars:
Elyvilon
Ru
Uskayaw


Innate Abilities, Weirdness & Mutations

You cannot wear most types of armour.
You are very stealthy in the water. (Stealth+)
You are amphibious.
You can wear up to eight rings at the same time.
You can use your tentacles to constrict eight enemies at once.
Your skin changes colour to match your surroundings (Stealth+).
Your rubbery body absorbs attacks. (AC +1, EV +1)


Message History

You freeze the orc priest.
The orc priest is heavily wounded.
The orc priest hits you with a dagger.
* * * LOW HITPOINT WARNING * * *
Uskayaw will force your foes to helplessly watch your dance.
Uskayaw prepares the audience for your solo!
Casting: Freeze
Confirm with . or Enter, or press ? or * to list all spells.
Aiming: Freeze
Press: ? - help, Shift-Dir - straight line, f/p - orc priest
Aim: an orc priest, wielding a dagger and wearing a scale mail (heavily wounded, paralysed)
You freeze the orc priest.
The orc priest is severely wounded.
The orc priest is no longer paralysed.
The orc priest barely misses you.
You hit the orc priest but do no damage.
Your grab misses the orc priest.
The orc priest is severely wounded.
The orc priest invokes the aid of Beogh against you.
Pain shoots through your body!
You die...

.#.#..#.#
#.....##...# .......
. #........... .....
..#. o###......#....
.#.#..###..
..............#
......... ..
........... ......o..
#.##.#.....###.#
.###.###.
..............# .# #
###o####)###..# .#
#)@...<###..#### .#
#.........((.....o .#
.......(.....##......
.# #.#.#######..#
.#### . # #.... #
#.#### #.# ... ..


You could see an orc priest.

Vanquished Creatures
  An orc priest (D:3)
  3 adders (D:2)
  A worm (D:2)
  A dart slug (D:1)
  A leopard gecko (D:1)
  An orc (D:3)
  4 giant cockroaches
  7 goblins
  5 hobgoblins
  3 jackals (D:1)
  8 kobolds
  2 ball pythons (D:2)
  3 bats (D:2)
  3 rats
43 creatures vanquished.

Notes
Turn   | Place    | Note
-------+----------+-------------------------------------------
     0 | D:1      | IcyS the Octopode Ice Elementalist began the quest for the Orb.
     0 | D:1      | Reached XP level 1. HP: 11/11 MP: 3/3
   256 | D:1      | Reached XP level 2. HP: 16/17 MP: 5/5
  1041 | D:2      | Reached XP level 3. HP: 18/21 MP: 6/6
  1324 | D:2      | Learned a level 3 spell: Ozocubu's Armour
  1422 | D:2      | Found a white marble altar of Elyvilon.
  1435 | D:2      | Reached skill level 4 in Ice Magic
  1692 | D:2      | Reached XP level 4. HP: 27/27 MP: 5/8
  1896 | D:2      | Found a sacrificial altar of Ru.
  1905 | D:2      | Found a hide-covered altar of Uskayaw.
  2243 | D:2      | Became a worshipper of Uskayaw the Reveler
  2275 | D:3      | Reached * piety under Uskayaw
  2277 | D:3      | Reached ** piety under Uskayaw
  2281 | D:3      | Reached *** piety under Uskayaw
  2283 | D:3      | Killed from afar by an orc priest

Skill      XL: |  1  2  3  4 |
---------------+-------------+-----
Ice Magic      | 4 |  4.4
Spellcasting   | 3 |  3.3
Dodging        | |  2.0
Stealth        | |  2.6
Conjurations   | |  1.0

Action                   |  1- 3 |  4- 6 || total
-------------------------+-------+-------++-------
Melee: Unarmed           |     5 |       ||     5
       Tentacles         |     9 |       ||     9
       Constrict         |    13 |     3 ||    16
       Short sword       |    33 |    12 ||    45
 Cast: Freeze            |    34 |    22 ||    56
       Ozocubu's Armour  |     2 |     1 ||     3
 Stab: Sleeping          |     3 |     3 ||     6
  Eat: Chunk             |     2 |     3 ||     5
Armor: Skin              |    11 |     9 ||    20
Dodge: Dodged            |    50 |    25 ||    75
